[Event "*** Titled Tuesday Blitz"]
[Site "Chess.com"]
[Date "2019.03.05"]
[Round "9"]
[White "WPWPWP-2015"]
[Black "FearNoEvil12"]
[Result "1/2-1/2"]
[WhiteElo "2378"]
[BlackElo "1958"]
[TimeControl "180+2"]
[EndTime "15:15:21 PST"]
[Termination "Game drawn by repetition"]

1. e4 a6 2. d4 b5 3. a4 b4 4. f4 Bb7 5. Bd3 e6 6. Nf3 Nf6 7. Qe2 c5 8. c3 Qb6 9. a5 Qa7 10. Be3 Nxe4 11. O-O bxc3 12. bxc3 Nc6 13. Bxe4 cxd4 14.
Nxd4 Nxd4 15. Bxd4 Bc5 16. Nd2 Bxd4+ 17. cxd4 Qxd4+ 18. Kh1 Bxe4 19. Nxe4 O-O 20. f5 exf5 21. Ng3 g6 22.
Rad1 Qb4 23. Qd2 Qxd2 24. Rxd2 Rab8 25. Rd6 Rb5 26. Rxa6 Re8 27. h3 Ree5 28. Rd6 Rxa5 29. Rxd7 Kg7 30. Kh2 h5 31. Rf2 h4 32. Nf1 Ra1 33. Nd2 Ree1 34. g4 Rh1+ 35. Kg2 Rag1+ 36. Kf3 Rxh3+ 37. Ke2 Rxg4 38. Nf3 Rhg3 39. Rd1 g5 40.
Rh1 f6 41. Kf1 Kg6 42. Ne1 f4 43. Nf3 Rxf3 44. Rxf3 Rg3 45. Rf2 f5 46. Re2 Kh5 47.
Kf2 g4 48. Re8 Rf3+ 49. Ke2 h3 50. Ra1 Kh4 51. Rg1 Re3+ 52. Rxe3 fxe3 53. Kxe3 h2 54. Ra1 Kg3 55. Kd4 f4 56. Ke4 f3 57. Ke3 Kg2 58. Ra2+ Kg3 59. Ra1 Kg2 60. Ra2+ Kg3 61. Ra1 Kg2 62.
Ra2+ Kg3 63. Ra1 Kg2 64. Ra2+ Kg3 65. Ra1 1/2-1/2

[Event "*** Titled Tuesday Blitz"]
[Site "Chess.com"]
[Date "2019.03.05"]
[Round "9"]
[White "vugarrasulov"]
[Black "Hikaru"]
[Result "0-1"]
[WhiteElo "2775"]
[BlackElo "3128"]
[TimeControl "180+2"]
[EndTime "15:15:27 PST"]
[Termination "Hikaru won by resignation"]

1. e4 c6 2. Nc3 d5 3. d4 dxe4 4. Nxe4 Bf5 5. Nc5 Qc8 6. Nf3 e6 7. Bd3 Bg6 8. O-O Nf6 9. Nb3 Qc7 10. Ne5 Nbd7 11. Bf4 Bd6 12. Re1 Nh5 13. Nxg6 hxg6 14. Bxd6 Qxd6 15. g3 Nhf6 16. Qe2 g5 17. Rad1 O-O-O 18. c4 Rh6 19. Qe3 Rxh2 20. Qxg5 Rdh8 21. Kf1 g6 22.
Be4 R8h5 23. Qd2 Ng4 24. Re2 Ndf6 25. Bg2 Rf5 26. Qd3 Qf8 27. f4 g5 28. d5 gxf4 29.
Nd4 Qh8 30. Ke1 Re5 31. dxc6 Rxg2 32. cxb7+ Kc7 33. Nb5+ Rxb5 34. cxb5 Qh1+ 35. Kd2 Rxe2+ 36. Qxe2 Qd5+ 37. Kc1 Qc5+ 38. Kb1 Qf5+ 39. Ka1 Ne3 40. Rc1+ Kxb7 41. gxf4 Qxf4 42. a3 Nfd5 43. Qd3 Qf5 44. Qd2 Qe4 45. Qa5 Nc2+ 46. Ka2 Qc4+ 47. Kb1 Nde3 48.
Qa6+ Kb8 49. Qd6+ Qc7 50. Qd3 Kb7 51. Qe4+ Kb6 52. a4 Qc5 53. Qd3 Ka5 54. b3 Kb4 55. Ka2 Ka5 56. Qd2+ Nb4+ 57. Kb2 Qe5+ 58. Ka3 Nc2+ 59.
Rxc2 Qa1+ 60. Ra2 Qxa2+ 61. Qxa2 Nxa2 62. Kxa2 f5 63. Kb2 Kb4 64. Kc2 f4 65. Kd3 e5 66.
Ke4 Kc5 67. Kf3 Kd4 68. b4 Kc4 69. Ke4 Kxb4 0-1

[Event "*** Titled Tuesday Blitz"]
[Site "Chess.com"]
[Date "2019.03.05"]
[Round "9"]
[White "wonderfultime"]
[Black "wenx95"]
[Result "1/2-1/2"]
[WhiteElo "2903"]
[BlackElo "2533"]
[TimeControl "180+2"]
[EndTime "15:15:28 PST"]
[Termination "Game drawn by repetition"]

1. d4 Nf6 2. Nf3 e6 3. Bf4 b6 4. e3 Be7 5. h3 O-O 6. Bd3 c5 7. O-O Ba6 8. c3 Bxd3 9. Qxd3 d5 10. Nbd2 Nc6 11. Rfd1 cxd4 12. exd4 h6 13. Re1 a6 14. a4 Qd7 15. Ne5 Nxe5 16. dxe5 Nh7 17. Nf3 Rfc8 18.
Red1 Qe8 19. Be3 Bc5 20. Qe2 Nf8 21. Bd4 Ng6 22. Qe3 Ne7 23. g4 Bxd4 24. Rxd4 b5 25. Qd3 Rc4 26. b3 Rc5 27. b4 Rc4 28. Kg2 Nc6 29. Rxc4 bxc4 30. Qe3 Qd7 31. Rd1 Ne7 32. a5 Qa4 33. Rd4 Qc2 34. Rf4 Ng6 35. Rd4 Ne7 36.
h4 Nc6 37. Rf4 Rc8 38. Nd4 Qd3 39. Nxc6 Rxc6 40. Qd4 Qxd4 41. Rxd4 Rc8 42. f4 f6 43.
exf6 gxf6 44. f5 Kf7 45. fxe6+ Kxe6 46. Kf3 Ke5 47. Rd2 h5 48. Re2+ Kd6 49. gxh5 d4 50.
cxd4 Kd5 51. Kg4 c3 52. Re1 c2 53. Rc1 Kxd4 54. Kf5 Kd3 55. h6 Rc4 56. h5 Rxb4 57.
h7 Rb8 58. Kxf6 Kd2 59. Rh1 c1=Q 60. Rxc1 Kxc1 61. Kg7 Rb7+ 62. Kg8 Rb8+ 63. Kg7 Rb7+ 64. Kg6 Rb8 65. Kg7 Rb7+ 1/2-1/2

[Event "*** Titled Tuesday Blitz"]
[Site "Chess.com"]
[Date "2019.03.05"]
[Round "9"]
[White "Jbd735"]
[Black "StanislavNovikov"]
[Result "0-1"]
[WhiteElo "2457"]
[BlackElo "2635"]
[TimeControl "180+2"]
[EndTime "15:15:37 PST"]
[Termination "StanislavNovikov won by resignation"]

1. d4 g6 2. e4 Bg7 3. Nc3 c6 4. Be3 b5 5. Qd2 d6 6. h4 h6 7. h5 g5 8. O-O-O Nd7 9. f4 gxf4 10. Bxf4 b4 11. Nce2 Qa5 12. Kb1 Nb6 13. Nc1 Nf6 14. Bd3 Be6 15. Nf3 Rb8 16. Nb3 Qa4 17.
d5 cxd5 18. e5 dxe5 19. Bxe5 Rc8 20. Nfd4 Bd7 21. Nf5 Bxf5 22. Bxf5 e6 23. Bd3 Nc4 24. Bxc4 Rxc4 25. Qd3 O-O 26. Rh3 Ng4 27. Bxg7 Kxg7 28.
Rg3 f5 29. Nd4 Qd7 30. Rxg4+ fxg4 31. Qg6+ Kh8 32. Qxh6+ Kg8 33. Qg6+ Qg7 34. Qxg7+ Kxg7 35. Nxe6+ Kf7 36. Nxf8 Kxf8 37. Rxd5 Rf4 38. b3 Rf2 39. g3 Rg2 40. Rd3 Kg7 41. Kb2 Kh6 42. Rd4 Rxg3 43. Rxb4 Kxh5 44. Ra4 Rf3 45. Rxa7 Rf6 46. Rh7+ Rh6 47.
Rg7 Rg6 48. Rh7+ Rh6 49. Re7 g3 50. Re1 Kg4 51. a4 g2 52. b4 Rh1 53. Re8 g1=Q 54.
Rg8+ Kf5 55. Rxg1 Rxg1 56. Kb3 Ke6 57. Kc4 Kd6 58. Kb5 Kc7 59. c4 Rg4 60. c5 Kb7 61. a5 Rf4 62. a6+ Ka7 63. Ka5 Rc4 64. Kb5 Rc1 65.
Kc6 Kxa6 66. b5+ Ka7 67. b6+ Kb8 68. Kd6 Kb7 0-1

[Event "*** Titled Tuesday Blitz"]
[Site "Chess.com"]
[Date "2019.03.05"]
[Round "9"]
[White "gmjlh"]
[Black "ChessWarrior7197"]
[Result "1/2-1/2"]
[WhiteElo "2723"]
[BlackElo "2840"]
[TimeControl "180+2"]
[EndTime "15:15:50 PST"]
[Termination "Game drawn - insufficient material"]

1. e4 c5 2. Nf3 d6 3. g3 Nf6 4.
Nc3 g6 5. d4 cxd4 6. Nxd4 Bg7 7.
h3 O-O 8. Bg2 a6 9. O-O Qc7 10.
Re1 Nc6 11. Be3 Ne5 12. Nd5 Nxd5 13. exd5 Nc4 14. Bc1 Qb6 15. c3 Nxb2 16. Qb3 Qxb3 17. axb3 Nd3 18. Rxe7 Bf6 19. Rc7 Bd8 20. Rc4 Nxc1 21.
Rxc1 Bd7 22. Rb4 Ra7 23. Ra1 a5 24. Rc4 Bb6 25. b4 a4 26. Ra3 Re8 27. Kh2 Re1 28.
Bf3 Kg7 29. Kg2 Rc1 30. h4 h5 31. Ne2 Rc2 32. Nd4 Rd2 33. Kf1 Bxd4 34. Rxd4 Rxd4 35. cxd4 Ra6 36. Be2 Rb6 37. b5 Bxb5 38. Bxb5 Rxb5 39. Rxa4 Rxd5 40. Rb4 b5 41. Ke2 Rf5 42. Ke3 Kf6 43. f3 Ke6 44. Rb1 Kd7 45. g4 Rd5 46. Ke4 Ke6 47.
g5 Rf5 48. f4 f6 49. gxf6 d5+ 50. Ke3 Rxf6 51. Rxb5 Rf7 52. Kf3 Ra7 53. f5+ gxf5 54. Rb6+ Kf7 55. Kf4 Re7 56. Kxf5 Re4 57. Rd6 Rxd4 58.
Ke5 Rxh4 59. Kxd5 Kg7 60. Ke5 Rc4 61. Kf5 h4 62. Kg5 h3 63. Rd7+ Kf8 64. Rd3 h2 65. Rh3 Rc2 66. Kf4 Kg7 67. Kg3 Kg6 68. Rxh2 Rc3+ 69. Kg4 Rc4+ 70. Kg3 Kg5 71. Rf2 Rc3+ 72. Rf3 Rc5 73. Re3 Rd5 74. Rf3 Ra5 75. Re3 Rf5 76.
Rf3 Re5 77. Rd3 Kf5 78. Kf3 Rc5 79. Re3 Rd5 80. Kg3 Re5 81. Rxe5+ Kxe5 1/2-1/2

[Event "*** Titled Tuesday Blitz"]
[Site "Chess.com"]
[Date "2019.03.05"]
[Round "9"]
[White "DonPreuss"]
[Black "fyall777"]
[Result "0-1"]
[WhiteElo "2201"]
[BlackElo "2327"]
[TimeControl "180+2"]
[EndTime "15:16:04 PST"]
[Termination "fyall777 won by resignation"]

1. d4 d5 2. e4 e6 3. Nc3 Nf6 4. exd5 exd5 5. Bd3 h6 6. Nge2 Bd6 7. f3 O-O 8. O-O Nc6 9. Nb5 Nb4 10. Nxd6 Qxd6 11.
c3 Nxd3 12. Qxd3 Nh5 13. Bd2 Bd7 14. Kf2 Rfe8 15. Ng3 Nf4 16. Bxf4 Qxf4 17. Rfe1 g6 18. Re2 h5 19. Rae1 Rxe2+ 20. Rxe2 h4 21. Nf1 a5 22.
Qe3 Qxe3+ 23. Nxe3 c6 24. h3 a4 25. a3 Ra5 26.
Ng4 Kg7 27. Ne5 Bf5 28. Rd2 f6 29. Nd3 Bxd3 30. Rxd3 Rb5 31. Rd2 Kh6 32. f4 Kg7 33.
Kf3 f5 34. Ke3 b6 35. Kd3 c5 36. Re2 Kf6 37. dxc5 bxc5 38. Kc2 g5 39. fxg5+ Kxg5 40. Re5 c4 41. Re8 Kf4 42. Rh8 Kg3 43. Rg8+ Kf2 44.
Rg5 Rb7 45. Rxf5+ Kxg2 46. Rxd5 Kxh3 47. Rc5 Kg3 48. Rxc4 h3 49. Rd4 h2 50. Rd3+ Kg4 51.
Rd4+ Kf3 52. Rd3+ Kf4 53. Rd4+ Kg5 54. Rd5+ Kg6 55. Rd6+ Kf5 56. Rd5+ Kf4 57. Rd4+ Kf3 58. Rd3+ Kg4 59. Rd4+ Kg5 60. Rd5+ Kh6 61. Rd6+ Kh7 62. Rd1 Rg7 63. Rh1 Rg2+ 64. Kd3 Rxb2 65. c4 Kg6 66.
Kd4 Kf6 67. Kd5 Ke7 68. Kc6 Kd8 69. c5 Kc8 70. Kd6 Kb7 71. c6+ Kb6 72. c7 Rd2+ 73.
Ke5 Kxc7 74. Ke4 Kc6 75. Ke3 Ra2 76. Kd3 Kc5 77. Kc3 Rg2 78. Kd3 Kd5 79. Kc3 Kc5 80. Kd3 Ra2 81. Kc3 Rxa3+ 82. Kb2 Rh3 83. Ka2 a3 84. Ka1 Kb4 85. Ka2 Ka4 86. Ka1 Kb3 87. Kb1 Rg3 0-1

[Event "*** Titled Tuesday Blitz"]
[Site "Chess.com"]
[Date "2019.03.05"]
[Round "9"]
[White "ALEXJR20"]
[Black "Chessmatus"]
[Result "1-0"]
[WhiteElo "2197"]
[BlackElo "2268"]
[TimeControl "180+2"]
[EndTime "15:16:09 PST"]
[Termination "ALEXJR20 won by resignation"]

1. Nf3 Nf6 2. g3 c5 3. Bg2 d5 4. O-O e6 5. d3 Nc6 6. Nbd2 g6 7. e4 Bg7 8. Re1 O-O 9. c3 a5 10. a4 b6 11. Qc2 Ba6 12. Bf1 Ra7 13. h3 Rd7 14. e5 Ne8 15. d4 Bxf1 16. Nxf1 cxd4 17.
cxd4 Nb4 18. Qb3 Rc7 19. Bg5 f6 20. exf6 Bxf6 21. Bf4 Rc6 22. Rac1 Rxc1 23. Rxc1 Qd7 24. Kg2 Nd6 25. Ne5 Bxe5 26. Bxe5 Nc4 27. Ne3 Qf7 28.
f4 Nxe5 29. dxe5 g5 30. Ng4 gxf4 31. Nf6+ Kh8 32. gxf4 Qg6+ 33. Kh2 Qh6 34. Qg3 Qg7 35. Qh4 Nd3 36. Rg1 Qf7 37. Rg5 Qc7 38. Rg2 d4 39.
Qh6 Qf7 40. Rg4 Ne1 41. Kh1 Nf3 42. Kg2 Ne1+ 43. Kf2 Nd3+ 44. Kf1 Qb7 45. Rg2 Qf3+ 46. Kg1 Qe3+ 47. Kh2 Qxf4+ 48. Qxf4 Nxf4 49. Rd2 Ng6 50. Rxd4 Nxe5 51. Nd7 Nf3+ 52. Kg3 Nxd4 53. Nxf8 Kg7 54. Nd7 Nb3 55. Nxb6 Nc5 56. Nc4 Nxa4 57. Kf4 Kf6 58. b3 Nc5 59. Nxa5 e5+ 60. Ke3 Kf5 61. b4 Na4 62. b5 Nb6 63. Nb3 e4 64. Nc5 Nd5+ 65.
Kd4 Nb6 66. Nxe4 Ke6 67. Kc5 Na4+ 68. Kb4 Nb6 69. Ng5+ Kd6 70. Nxh7 Nd5+ 71. Ka5 Kc5 72. Ng5 Kd6 73. h4 Kc7 74. h5 Kb7 75. h6 Ne7 76.
h7 Ng6 77. Nf7 1-0

[Event "*** Titled Tuesday Blitz"]
[Site "Chess.com"]
[Date "2019.03.05"]
[Round "9"]
[White "DanielNaroditsky"]
[Black "Witik"]
[Result "1/2-1/2"]
[WhiteElo "2969"]
[BlackElo "2701"]
[TimeControl "180+2"]
[EndTime "15:16:15 PST"]
[Termination "Game drawn by repetition"]

1. e4 c6 2. d4 d5 3. f3 g6 4.
Nc3 Bg7 5. Be3 Qb6 6. Qd2 Qxb2 7.
Rb1 Qa3 8. exd5 Nf6 9. dxc6 Nxc6 10. Bc4 O-O 11. Nge2 e5 12. d5 Na5 13. Bd3 b6 14. O-O Bb7 15. Nb5 Qe7 16. c4 Nd7 17. Nec3 Nc5 18. Be2 f5 19. d6 Qf7 20. Nd5 Nc6 21.
Nbc7 Rab8 22. Bg5 Nd4 23. Be7 Rfc8 24. Bd1 Bc6 25. Re1 Kh8 26. Bg5 Rf8 27. Ne7 Bd7 28. Ncd5 Nce6 29. Bh6 f4 30. Bxg7+ Qxg7 31. Kh1 Nc5 32. Bc2 Rbd8 33. Be4 Bf5 34. Bxf5 gxf5 35. Nc3 Rxd6 36. Ned5 Rh6 37. Qf2 Nd3 38. Qg1 Nxe1 39. Rxe1 Rg8 40. Rf1 e4 41. fxe4 f3 42. g3 Ne2 43. Nxe2 fxe2 44. Re1 Qxg3 45. Qxg3 Rxg3 46. e5 Rgg6 47. Rxe2 Re6 48. Nf4 Re8 49. Kg2 Kg7 50. Kf3 Kf7 51. Rd2 Rc6 52. e6+ Rexe6 53. Nxe6 Kxe6 54.
Rd4 Ke5 55. Rd7 a5 56. Rd5+ Kf6 57. Rd4 Kg5 58. h4+ Kf6 59. Kf4 Re6 60. Kf3 h6 61. Rd5 Re5 62. Rd6+ Re6 63. Rd5 Kg6 64. Rb5 Rc6 65. Kg3 Rxc4 66. Rxb6+ Kh5 67. Rb5 Rg4+ 68. Kf3 Kxh4 69. Rxa5 Rg5 70. a4 h5 71. Ra8 Rg3+ 72.
Kf4 Ra3 73. a5 Kh3 74. a6 h4 75. a7 Kh2 76. Kxf5 h3 77. Kg4 Kg2 78. Rb8 Ra4+ 79.
Kg5 Rxa7 80. Rb2+ Kg3 81. Rb3+ Kg2 82. Rb2+ Kg3 83. Rb3+ Kg2 84. Rb2+ 1/2-1/2

[Event "*** Titled Tuesday Blitz"]
[Site "Chess.com"]
[Date "2019.03.05"]
[Round "9"]
[White "Maili15"]
[Black "fish7728"]
[Result "0-1"]
[WhiteElo "2274"]
[BlackElo "2261"]
[TimeControl "180+2"]
[EndTime "15:16:17 PST"]
[Termination "fish7728 won by resignation"]

1. d4 Nf6 2. c4 g6 3. Nc3 d5 4.
cxd5 Nxd5 5. e4 Nxc3 6. bxc3 Bg7 7. Nf3 c5 8. Rb1 b6 9. Be2 O-O 10. O-O Nc6 11. d5 Na5 12. c4 Bd7 13. Bb2 Nb7 14.
Qd2 Nd6 15. Bxg7 Kxg7 16. Bd3 f6 17. Rfe1 Nf7 18. e5 Bg4 19. exf6+ exf6 20. Re3 Qd7 21. Rbe1 Rae8 22. Be4 Bxf3 23. Bxf3 Rxe3 24. Qxe3 Ne5 25. Be2 Re8 26. Qd2 Nf7 27. Bf3 Nd6 28. Be2 Qe7 29. Qc2 Qe5 30. h3 Qd4 31. Rd1 Qf4 32. Bf1 Re5 33. Qa4 Ne4 34. Qd7+ Kh6 35. f3 Qe3+ 36. Kh2 Nf2 37. Rb1 Rg5 38. g3 Qxf3 39.
Qd6 Ne4 40. Bg2 Nxd6 41. Bxf3 Re5 42. Rc1 f5 43. Kg2 g5 44. Kf2 Kg6 45. Rc2 h5 46. a4 f4 47. gxf4 gxf4 48. a5 Kf5 49. axb6 axb6 50. Bxh5 Ne4+ 51. Kg2 Nd6 52. Bg4+ Ke4 53. Bf3+ Kd3 54. Rc1 Nxc4 55. h4 Ne3+ 56. Kf2 Nxd5 57. Rd1+ Kc4 58. h5 Nf6 59. Rc1+ Kd4 60. Rh1 Nxh5 61.
Bxh5 b5 62. Be2 c4 63. Rb1 Kc3 64. Bf3 b4 65. Rc1+ Kd4 66. Rd1+ Kc3 67. Rc1+ Kb3 68. Rb1+ Ka3 69. Bc6 c3 70. Kf3 b3 71.
Be4 c2 72. Rc1 Kb2 73. Re1 Rxe4 74. Kxe4 c1=Q 75. Rxc1 Kxc1 76. Kxf4 b2 0-1

[Event "*** Titled Tuesday Blitz"]
[Site "Chess.com"]
[Date "2019.03.05"]
[Round "9"]
[White "Genghis_K"]
[Black "GataKamsky1974"]
[Result "1-0"]
[WhiteElo "2856"]
[BlackElo "2837"]
[TimeControl "180+2"]
[EndTime "15:17:13 PST"]
[Termination "Genghis_K won on time"]

1. e4 e5 2. Nf3 Nc6 3. Nc3 Nf6 4. Bb5 Bb4 5. O-O O-O 6. d3 Bxc3 7. bxc3 d6 8. Nd2 Bd7 9. f4 exf4 10. Rxf4 Ne5 11.
Bxd7 Nfxd7 12. c4 a6 13. a4 b5 14. axb5 axb5 15. Rxa8 Qxa8 16. cxb5 Qa4 17. Nf1 Qxb5 18.
Ne3 Ng6 19. Rf1 Ne7 20. Bd2 Ne5 21. Kh1 Ra8 22. d4 N5g6 23. Qf3 Rf8 24. Nf5 f6 25. g3 Qc6 26. c3 Qc4 27. Kg2 Qe6 28. h4 Qa2 29.
Rf2 Nxf5 30. Qxf5 Qf7 31. h5 Ne7 32. Qg4 f5 33. exf5 Qd5+ 34. Qf3 Rxf5 35. Qxd5+ Rxd5 36. h6 gxh6 37. Bxh6 Rf5 38. Rxf5 Nxf5 39. Bd2 Kf7 40.
Kf3 d5 41. Kf4 Kf6 42. Be1 h5 43. g4 hxg4 44. Kxg4 Ne3+ 45. Kf3 Nc2 46. Bd2 Kf5 47. Bc1 Na1 48. Bd2 Nb3 49. Be3 c6 50. Bf4 Na5 51. Bc1 Nc4 52. Bh6 Na3 53. Bc1 Nb1 54. Bb2 Nd2+ 55.
Ke2 Nc4 56. Bc1 Ke4 57. Bg5 Na3 58. Bh6 Nb1 59. Bd2 Na3 60. Bc1 Nc4 61. Bg5 Nd6 62. Bc1 Nf5 63. Bg5 Ng3+ 64. Kf2 Nh5 65. Ke2 Ng7 66.
Kd2 Nf5 67. Ke2 Nd6 68. Bh6 Kf5 69. Bc1 Ke6 70. Bf4 Nc4 71. Kd3 Kd7 72. Kc2 Kc8 73. Kb3 Kb7 74. Kb4 Kb6 75. Bg5 Nd6 76. Bd8+ Kb7 77.
Bh4 Nc4 78. Bg5 Kc7 79. Kc5 Kd7 80. Kb4 Nd6 81. Bf4 Nc4 82. Bh2 Nb2 83. Kb3 Nd3 84. Bg3 Ke6 85. Kc2 1-0

[Event "*** Titled Tuesday Blitz"]
[Site "Chess.com"]
[Date "2019.03.05"]
[Round "9"]
[White "kacprekt"]
[Black "VeraNebolsina"]
[Result "0-1"]
[WhiteElo "2269"]
[BlackElo "2338"]
[TimeControl "180+2"]
[EndTime "15:17:22 PST"]
[Termination "VeraNebolsina won on time"]

1. d4 Nf6 2. c4 g6 3. Nc3 d5 4.
Nf3 Bg7 5. h4 c6 6. cxd5 cxd5 7.
Bf4 Nc6 8. e3 Qb6 9. Qb3 Qb4 10.
Bb5 Qxb3 11. axb3 Bd7 12. Bxc6 Bxc6 13. Ne5 Nd7 14. Nxc6 bxc6 15. Na4 e5 16. dxe5 Nxe5 17. Nc5 Ke7 18. Kd2 Rhb8 19. Ra6 Rb5 20. Rc1 Nc4+ 21.
bxc4 Rxc5 22. b4 Rxc4 23. Rxc4 dxc4 24. Rxc6 c3+ 25. Kc2 Rd8 26. Bg5+ f6 27. Bf4 f5 28. Bg5+ Kd7 29. b5 Rb8 30. Bf4 Rb7 31.
Rc5 Bf8 32. Rd5+ Ke6 33. Re5+ Kf6 34. Kxc3 Bd6 35. Rd5 Rc7+ 36. Kb3 Bxf4 37. exf4 Ke6 38. Re5+ Kd6 39. g3 Rc1 40. Kb4 Rb1+ 41. Kc4 Rc1+ 42. Kd3 Rd1+ 43. Ke2 Rb1 44. Kf3 Rb3+ 45. Kg2 Rb2 46.
h5 Rb3 47. Kh3 Rb2 48. Kg2 Rb3 49. h6 Rb2 50. Re8 Rxb5 51. Rg8 Rb7 52. Rg7 Kc6 53. Kf3 a5 54. Ke3 a4 55. Kd2 a3 56. Rxb7 Kxb7 57.
Kc3 Kc6 58. Kb3 Kd5 59. Kxa3 Ke4 60. Kb4 Kf3 61. Kc5 Kxf2 62. Kd6 Kxg3 63. Ke5 Kg4 64.
Kf6 Kxf4 65. Kg7 g5 66. Kxh7 g4 67. Kg6 g3 68. h7 g2 69. h8=Q g1=Q+ 70. Kf7 Qa7+ 71.
Ke6 Qb6+ 72. Kd5 Qb5+ 73. Kd6 Qb4+ 74. Kd5 Qd2+ 75. Kc4 Qc2+ 76. Kd5 Qe4+ 77. Kd6 Ke3 78. Qh3+ Qf3 79. Qh8 f4 80. Qc3+ Kf2 81. Qd2+ Kg3 82. Qe1+ Qf2 83. Qe5 Qd2+ 84. Kc6 Qe3 85. Qg5+ Kf2 86.
Qh4+ Ke2 87. Qh2+ Qf2 88. Qh8 f3 89. Qb2+ Kf1 90. Qc1+ Qe1 91. Qc4+ Qe2 0-1

[Event "*** Titled Tuesday Blitz"]
[Site "Chess.com"]
[Date "2019.03.05"]
[Round "9"]
[White "mouseWLZ"]
[Black "Jospem"]
[Result "1/2-1/2"]
[WhiteElo "2540"]
[BlackElo "2852"]
[TimeControl "180+2"]
[EndTime "15:18:49 PST"]
[Termination "Game drawn by 50-move rule"]

1. d4 a6 2. Nf3 g6 3. g3 Bg7 4. Bg2 Nf6 5. O-O O-O 6. c4 d6 7.
Nc3 Nc6 8. b3 Rb8 9. Bb2 b5 10.
cxb5 axb5 11. Rc1 b4 12. Nb1 Na7 13. Nbd2 d5 14. Ne5 e6 15. Qc2 Ne8 16. Ndf3 Ba6 17. Rfd1 Rb7 18. a3 bxa3 19. Bxa3 Nd6 20. Bc5 f6 21.
Ra1 fxe5 22. Rxa6 e4 23. Rxa7 Rxa7 24. Bxa7 exf3 25. Bxf3 Rf7 26. Bc5 Nf5 27. b4 h5 28.
Qa4 Kh7 29. Qc6 Qf6 30. h4 Bh6 31. Qe8 Ng7 32. Qa4 Nf5 33. Qe8 Ng7 34. Qb5 Nf5 35. Qd3 Qd8 36. Kg2 Qf6 37. Rf1 Bg7 38. e4 Nxd4 39.
Bxd4 Qxd4 40. Qxd4 Bxd4 41. exd5 exd5 42. Bxd5 Rf5 43.
Be4 Rb5 44. Rc1 Rxb4 45. Rxc7+ Kh6 46. Bc2 Rb6 47. f3 Re6 48. Be4 Rd6 49. Rb7 Bc5 50. g4 hxg4 51. fxg4 Be3 52. Kf3 Bd2 53. Ke2 Bc1 54. Rc7 Bf4 55. Rf7 Bc1 56. Kf3 Bd2 57. g5+ Bxg5 58. hxg5+ Kxg5 59. Ra7 Rf6+ 60. Kg3 Re6 61.
Ra5+ Kh6 62. Kf4 Rb6 63. Ra1 Rf6+ 64. Kg4 Re6 65. Bd5 Re5 66. Ra5 Rf5 67. Rb5 Re5 68. Kf4 Rf5+ 69. Ke4 Kg5 70. Rb1 Rf4+ 71. Ke3 Rf5 72.
Be4 Rf6 73. Rh1 Re6 74. Kd4 Kf4 75. Rf1+ Kg5 76. Kd5 Ra6 77. Rg1+ Kh6 78. Ke5 Rb6 79. Bd5 Kg7 80. Be6 Rb2 81. Bd5 Rb5 82. Rf1 Rb6 83.
Be4 Rb5+ 84. Kf4 Ra5 85. Rd1 Ra6 86. Kg5 Ra5+ 87. Kg4 Ra6 88. Rd5 Kh6 89. Rc5 Ra4 90. Kf3 Ra6 91. Rc1 Rf6+ 92. Kg4 Rb6 93. Rh1+ Kg7 94. Kf4 Ra6 95. Ke5 Ra5+ 96. Bd5 Ra3 97. Rg1 Ra5 98. Rf1 Ra7 99. Rb1 Ra5 100. Rb6 Kh6 101. Ke6 Ra4 102. Kf7 Rf4+ 103. Ke7 Rf5 104. Bf7 Rg5 105. Rb2 Kg7 106. Be6 Re5 107. Rb8 Re1 108. Rg8+ Kh6 109. Rh8+ 1/2-1/2

[Event "*** Titled Tuesday Blitz"]
[Site "Chess.com"]
[Date "2019.03.05"]
[Round "9"]
[White "Man-Chuk"]
[Black "Off-War"]
[Result "1/2-1/2"]
[WhiteElo "2775"]
[BlackElo "2568"]
[TimeControl "180+2"]
[EndTime "15:20:42 PST"]
[Termination "Game drawn - insufficient material"]

1. Nf3 d5 2. g3 Bg4 3. Bg2 Nd7 4.
O-O c6 5. d3 e5 6. e4 Ngf6 7.
exd5 cxd5 8. h3 Be6 9. Ng5 Bc5 10. Nxe6 fxe6 11. c3 O-O 12. d4 Bd6 13. dxe5 Nxe5 14.
Bf4 Nc4 15. Bxd6 Qxd6 16. b3 Ne5 17. c4 Rad8 18. cxd5 exd5 19. Nd2 Kh8 20. Kh2 Qb6 21. f4 Nc6 22. Rc1 Qa6 23. a4 h6 24. Nf3 Rfe8 25.
Nd4 Nb4 26. Nb5 Qb6 27. Qd4 Nc6 28. Qxb6 axb6 29. Rfe1 Rxe1 30. Rxe1 d4 31. Rd1 d3 32. Rd2 Kg8 33. Kg1 Na5 34. Bf1 Nxb3 35. Rxd3 Rxd3 36. Bxd3 Nc5 37. Bc2 Kf7 38. Kf2 Nd5 39. Kf3 Ke7 40. g4 g5 41. fxg5 hxg5 42. Kg3 Ne3 43. Bb1 Nxa4 44.
h4 gxh4+ 45. Kxh4 Nd5 46. Be4 Ke6 47. g5 Ne7 48. Bxb7 Nc5 49. Bf3 Kf5 50. Kh5 Kf4 51. Bd1 Ne6 52. g6 Nf5 53. g7 Nexg7+ 54. Kg6 Ne6 55.
Kf6 Nc5 56. Bc2 Ne3 57. Bh7 Nd5+ 58. Kf7 Ke5 59. Bb1 Nb4 60. Na3 Kd5 61. Ke7 Nc6+ 62. Ke8 Na4 63. Kd7 Ne5+ 64. Kc7 Kc5 65. Bh7 Nc3 66. Bg8 Ng4 67. Kb7 Nf6 68. Bf7 Nfe4 69. Bg8 Nf6 70. Bf7 Nce4 71. Be6 Nd6+ 72. Ka6 Nfe8 73.
Bg8 Nc7+ 74. Ka7 Kc6 75. Kb8 Na6+ 76. Ka7 Nc5 77. Bh7 Nd7 78. Ka6 Kc5 79. Ka7 Nf6 80.
Bg6 Nd7 81. Bh7 Kb4 82. Nc2+ Ka5 83. Nd4 Ne5 84. Bg8 Nd7 85. Be6 Nc5 86. Bg8 Nce4 87.
Nb3+ Kb5 88. Nd4+ Kc5 89. Nb3+ Kc6 90. Nd4+ Kc7 91. Ne6+ Kc6 92. Nd4+ Kc5 93. Nb3+ Kb5 94. Nd4+ Kc5 95. Nb3+ Kc6 96. Nd4+ Kc7 97. Ne6+ Kd7 98. Kxb6 Nc8+ 99. Kb5 Nf6 100. Nc5+ Kd6 101. Bc4 Na7+ 102. Kb6 Nc6 103. Nb7+ Kd7 104. Nc5+ Kd6 105. Nb7+ Kd7 106. Bb5 Nd5+ 107. Kc5 Ne7 108. Na5 Kc7 109. Nc4 Nd8 110. Ne3 Ne6+ 111. Kc4 Kb6 112. Nd5+ Nxd5 113. Kxd5 Nc7+ 114. Kd6 Kb7 115. Ke7 Kb6 116. Bd7 Kc5 117. Bc6 Na6 118. Bd5 Nb4 119. Bc6 Nc2 120. Bd5 Nd4 121. Bc6 Nf5+ 122. Kf6 Nd6 123. Ke7 Nf5+ 124. Kf8 Nd4 125. Bd5 Kd6 126. Bc6 Ne6+ 127. Kg8 Ke7 128. Kh8 Nd4 129. Be8 Kf6 130. Bf7 Nf5 131. Bg6 Ne7 132. Bf7 Nc6 133. Bg6 Ne5 134. Bf7 Ng4 135. Bg6 Nh6 136. Bf7 Ng4 137. Bg6 Ne5 138. Bf7 Nf3 139. Bg6 Ng5 140. Bf7 Ke7 141. Bg6 Kf8 142. Bf7 Nf3 143. Bg6 Ne5 144. Bf7 Ke7 145. Bg6 Kf6 146. Bf7 Kg5 147. Bg6 Kh6 148. Bf7 Nd7 149. Bg6 Nf6 150. Bf7 Nd5 151. Bg6 Ne3 152. Bf7 Nd1 153. Bg6 Nc3 154. Bf7 Nb5 155. Bg6 Nd4 156. Bf7 Nc6 157. Bg6 Ne5 158. Bf7 Nf3 159. Bg6 Nh4 160. Bf7 Nf5 161. Bg6 Ne7 162. Bf7 Ng6+ 163. Bxg6 1/2-1/2

[Event "*** Titled Tuesday Blitz"]
[Site "Chess.com"]
[Date "2019.03.05"]
[Round "10"]
[White "Vuk2000"]
[Black "jocmil"]
[Result "1-0"]
[WhiteElo "2709"]
[BlackElo "2436"]
[TimeControl "180+2"]
[EndTime "15:22:53 PST"]
[Termination "Vuk2000 won by resignation"]

1. d4 Nf6 2. Bg5 c5 3. Bxf6 gxf6 4. dxc5 e6 5. Nd2 Bxc5 6. Ne4 f5 7. Nxc5 Qa5+ 8. c3 Qxc5 9. Qd4 Qxd4 10. cxd4 b6 11.
Rc1 Bb7 12. Rc7 Bc6 13. Rc8+ 1-0

[Event "*** Titled Tuesday Blitz"]
[Site "Chess.com"]
[Date "2019.03.05"]
[Round "10"]
[White "MishkaFighter"]
[Black "Off-War"]
[Result "0-1"]
[WhiteElo "2371"]
[BlackElo "2572"]
[TimeControl "180+2"]
[EndTime "15:23:28 PST"]
[Termination "Off-War won by checkmate"]

1. Nf3 d5 2. g3 Bg4 3. Bg2 Nd7 4. O-O c6 5. d3 e5 6. Nbd2 Ngf6 7. Qe1 Bd6 8. e4 O-O 9. h3 Bh5 10. a4 Re8 11. Kh2 a5 12. Nb3 Qb6 13. Be3 Qc7 14.
Bd2 b6 15. Nh4 Bf8 16. Kh1 Rad8 17. Nf5 Bg6 18. f4 dxe4 19. dxe4 Bxf5 20. exf5 exf4 21. Qf2 fxg3 22. Qf3 Bd6 23. Bg5 Ne5 24. Qxg3 Neg4 25. Qh4 Bg3 26. Bxf6 Bxh4 27. Bxh4 Qh2# 0-1

[Event "*** Titled Tuesday Blitz"]
[Site "Chess.com"]
[Date "2019.03.05"]
[Round "10"]
[White "Atanejhad"]
[Black "HanSchut"]
[Result "0-1"]
[WhiteElo "2223"]
[BlackElo "2300"]
[TimeControl "180+2"]
[EndTime "15:24:09 PST"]
[Termination "HanSchut won by checkmate"]

1. d4 Nf6 2. Nf3 g6 3. c4 Bg7 4. Nc3 d5 5. Qb3 dxc4 6. Qxc4 O-O 7. e4 a6 8. Bf4 c6 9. Be2 b5 10. Qd3 c5 11. d5 c4 12. Qd2 b4 13. Na4 Nxe4 14.
Qe3 Qa5 15. Qxe4 Qxa4 16. d6 Bxb2 17. Qxa8 Bxa1 18. Qxb8 Bc3+ 19. Bd2 Bg4 20. Qc7 Bxf3 21. Bxc3 Bxe2 22. dxe7 Qd1# 0-1

[Event "*** Titled Tuesday Blitz"]
[Site "Chess.com"]
[Date "2019.03.05"]
[Round "10"]
[White "MatBobula"]
[Black "payto1"]
[Result "1-0"]
[WhiteElo "2257"]
[BlackElo "2125"]
[TimeControl "180+2"]
[EndTime "15:24:44 PST"]
[Termination "MatBobula won on time"]

1. d4 Nf6 2. c4 e6 3. Nf3 b6 4. g3 Bb7 5. Bg2 Be7 6. O-O O-O 7. Nc3 Ne4 8. Nxe4 Bxe4 9. Ne1 Bxg2 10. Nxg2 d5 11.
Qa4 1-0

[Event "*** Titled Tuesday Blitz"]
[Site "Chess.com"]
[Date "2019.03.05"]
[Round "10"]
[White "SimonKnightRivendell"]
[Black "Vadim_Biliy"]
[Result "1-0"]
[WhiteElo "2001"]
[BlackElo "2120"]
[TimeControl "180+2"]
[EndTime "15:25:01 PST"]
[Termination "SimonKnightRivendell won by resignation"]

1. d4 d5 2. c4 e6 3. Nf3 Nf6 4. g3 Be7 5. Bg2 O-O 6. O-O dxc4 7. Qc2 Qd6 8. Na3 Qa6 9. Nxc4 Nc6 10. a3 Rd8 11. Rd1 Rb8 12. b4 b5 13. Nce5 Bb7 14. Bg5 Nxe5 15. dxe5 Be4 16. Qxc7 Nd5 17. Rxd5 Bxg5 18.
Rxd8+ Rxd8 19. Nxg5 1-0